General information
- name: BNet
- type: Ladder team game (AT/RT)
- host: Battle.net
- saver: BEAR_AND
map: UpperKingdom
- players: 6
- length: 09:07
- speed: Fast
- version: 1.26 W3XP
- replay type:

» download(65 KB)
Players
team 1 (loser)
BEAR_AND (
purple | 123 APM | 1119 actions | 09:07)
1 Demon Hunter
1 Mana Burn
» actions
| Assign group hotkey | 7 | |
| Basic commands | 1 | |
| Build / train | 38 | |
| Enter build submenu | 17 | |
| Enter hero's abilities submenu | 1 | |
| Remove unit from queue | 7 | |
| Right click | 755 | |
| Select / deselect | 181 | |
| Select group hotkey | 69 | |
| Use ability | 43 | |
1119 total
» units
» buildings
| Ancient of War | 4 | |
| Tree of Life | 1 | |
| Altar of Elders | 1 | |
| Moon Well | 8 | |
| Ancient of Wonders | 1 | |
| Tree of Ages | 1 | |
| Guard Tower | 1 | |
17 total
» build order
00:42 Ancient of War
00:43 Ancient of War
00:52 Tree of Life
01:47 Altar of Elders
02:15 Moon Well
04:10 Ancient of Wonders
04:12 Moon Well
04:14 Moon Well
05:09 Moon Well
05:09 Moon Well
05:25 Tree of Ages
07:43 Guard Tower
07:57 Ancient of War
07:57 Ancient of War
08:03 Moon Well
08:04 Moon Well
08:04 Moon Well
» items
| Potion of Healing | 2 | |
| Lesser Clarity Potion | 1 | |
| Dust of Appearance | 1 | |
4 total
mata (
pink | 118 APM | 1080 actions | 09:07)
1 Archmage
1 Summon Water Elemental
» actions
| Assign group hotkey | 26 | |
| Basic commands | 11 | |
| Build / train | 67 | |
| ESC pressed | 3 | |
| Enter build submenu | 46 | |
| Enter hero's abilities submenu | 1 | |
| Right click | 485 | |
| Select / deselect | 347 | |
| Select group hotkey | 17 | |
| Use ability | 77 | |
1080 total
» units
» upgrades
» buildings
| Altar of Kings | 1 | |
| Farm | 5 | |
| Lumber Mill | 1 | |
| Scout Tower | 35 | |
| Arcane Tower | 5 | |
| Guard Tower | 28 | |
| Keep | 2 | |
77 total
» build order
00:04 Altar of Kings
00:21 Farm
01:23 Farm
01:34 Lumber Mill
02:21 Farm
03:51 Scout Tower
03:53 Scout Tower
04:03 Arcane Tower
04:07 Scout Tower
04:08 Scout Tower
04:18 Scout Tower
04:18 Guard Tower
04:19 Guard Tower
04:41 Guard Tower
04:42 Guard Tower
04:52 Scout Tower
04:52 Scout Tower
04:52 Scout Tower
04:53 Scout Tower
04:59 Guard Tower
05:00 Guard Tower
05:04 Scout Tower
05:05 Scout Tower
05:17 Farm
05:18 Farm
05:24 Scout Tower
05:27 Guard Tower
05:31 Scout Tower
05:31 Scout Tower
05:32 Arcane Tower
05:35 Guard Tower
05:35 Guard Tower
05:40 Scout Tower
05:40 Scout Tower
06:08 Guard Tower
06:08 Guard Tower
06:08 Guard Tower
06:10 Scout Tower
06:10 Scout Tower
06:35 Guard Tower
06:35 Guard Tower
06:36 Scout Tower
06:36 Scout Tower
06:45 Scout Tower
06:45 Scout Tower
06:47 Scout Tower
06:50 Keep
07:23 Scout Tower
07:23 Scout Tower
07:24 Scout Tower
07:24 Scout Tower
07:25 Scout Tower
07:26 Scout Tower
07:34 Scout Tower
07:51 Guard Tower
07:52 Guard Tower
07:52 Arcane Tower
08:05 Guard Tower
08:05 Guard Tower
08:06 Guard Tower
08:49 Guard Tower
08:50 Guard Tower
08:51 Guard Tower
08:52 Guard Tower
08:53 Scout Tower
08:54 Scout Tower
09:02 Scout Tower
09:03 Scout Tower
09:07 Scout Tower
timg4strok (
red | 95 APM | 528 actions | 05:32)
2 Archmage
1 Summon Water Elemental
1 Brilliance Aura
» actions
| Assign group hotkey | 7 | |
| Basic commands | 15 | |
| Build / train | 35 | |
| Enter build submenu | 15 | |
| Enter hero's abilities submenu | 2 | |
| Right click | 246 | |
| Select / deselect | 69 | |
| Select group hotkey | 114 | |
| Use ability | 25 | |
528 total
» units
» upgrades
» buildings
| Altar of Kings | 1 | |
| Farm | 2 | |
| Lumber Mill | 2 | |
| Scout Tower | 10 | |
| Arcane Tower | 2 | |
| Guard Tower | 3 | |
20 total
» build order
00:04 Altar of Kings
00:06 Farm
01:08 Farm
01:27 Lumber Mill
03:50 Scout Tower
03:50 Scout Tower
03:54 Scout Tower
03:54 Scout Tower
03:55 Scout Tower
03:57 Scout Tower
04:26 Arcane Tower
04:26 Guard Tower
04:32 Lumber Mill
04:36 Guard Tower
04:45 Arcane Tower
04:46 Guard Tower
05:24 Scout Tower
05:26 Scout Tower
05:27 Scout Tower
05:27 Scout Tower
team 2 (winner)
east.kingluyi (
blue | 90 APM | 825 actions | 09:07)
2 Warden
1 Fan of Knives
1 Blink
» actions
| Assign group hotkey | 13 | |
| Basic commands | 85 | |
| Build / train | 23 | |
| Enter build submenu | 19 | |
| Enter hero's abilities submenu | 2 | |
| Remove unit from queue | 6 | |
| Right click | 433 | |
| Select / deselect | 74 | |
| Select group hotkey | 137 | |
| Use ability | 33 | |
825 total
» units
» buildings
| Altar of Elders | 1 | |
| Moon Well | 9 | |
| Ancient of Wonders | 1 | |
| Ancient of War | 4 | |
| Hunter's Hall | 1 | |
| Ancient Protector | 3 | |
19 total
» build order
00:06 Altar of Elders
00:17 Moon Well
01:07 Moon Well
01:33 Moon Well
02:16 Moon Well
02:51 Moon Well
02:55 Moon Well
04:22 Moon Well
04:25 Moon Well
04:29 Ancient of Wonders
05:45 Ancient of War
06:03 Ancient of War
07:04 Hunter's Hall
07:46 Ancient of War
07:49 Ancient of War
08:10 Ancient Protector
08:11 Ancient Protector
08:13 Ancient Protector
08:59 Moon Well
NaMe.Nawid (
orange | 57 APM | 508 actions | 08:58)
2 Warden
1 Fan of Knives
1 Blink
» actions
| Assign group hotkey | 1 | |
| Build / train | 21 | |
| Enter build submenu | 20 | |
| Enter hero's abilities submenu | 2 | |
| Remove unit from queue | 2 | |
| Right click | 301 | |
| Select / deselect | 105 | |
| Select group hotkey | 4 | |
| Use ability | 52 | |
508 total
» units
» buildings
| Altar of Elders | 1 | |
| Moon Well | 14 | |
| Hunter's Hall | 2 | |
17 total
» build order
00:07 Altar of Elders
00:11 Moon Well
00:54 Moon Well
01:25 Moon Well
02:05 Moon Well
02:40 Moon Well
02:58 Moon Well
03:01 Moon Well
03:56 Moon Well
04:17 Moon Well
04:18 Moon Well
04:19 Moon Well
04:54 Moon Well
06:21 Moon Well
06:25 Hunter's Hall
06:49 Moon Well
08:24 Hunter's Hall
wer (
teal | 63 APM | 572 actions | 09:00)
1 Warden
1 Fan of Knives
» actions
| Build / train | 20 | |
| Enter build submenu | 15 | |
| Enter hero's abilities submenu | 1 | |
| Remove unit from queue | 2 | |
| Right click | 310 | |
| Select / deselect | 172 | |
| Use ability | 52 | |
572 total
» units
» buildings
| Altar of Elders | 1 | |
| Moon Well | 5 | |
| Ancient of War | 2 | |
| Hunter's Hall | 2 | |
10 total
» build order
00:13 Altar of Elders
00:20 Moon Well
00:50 Ancient of War
01:36 Ancient of War
01:47 Moon Well
01:54 Moon Well
02:41 Moon Well
02:48 Hunter's Hall
04:12 Moon Well
04:23 Hunter's Hall
Chat log
(03:17 / All) BEAR_AND: welcome to my hompy
(05:32 / All) wer: k
(09:01 / All) BEAR_AND: lol
(09:05 / All) mata: GG
(09:07 / All) mata: need to eat